Map: Prion Terraces

Players

ToasterOven - Winner!

  • Race: Terran Terran
  • League: Diamond

LilDicky

  • Race: Terran Terran
  • League: Diamond

VOD

http://www.twitch.tv/tumescentpie

Description

Time

  • Played on: Nov. 30, 2015, 3:07 p.m.
  • Length: 2:55
Show
View Real Time Build Order
Export as new Build Order

ToasterOven Terran - Winner!

Build Orders:  

Get SALT Encoding   

  12  0:09  Supply Depot  
  12  0:20  Refinery  
  12  0:31  Barracks  
  12  0:49  Barracks  
  12  1:18  Reaper, Orbital Command  
  13  1:36  Reaper  
  14  1:44  Barracks  
  14  1:51  Reaper  
  15  2:01  SCV  
  16  2:08  Reaper  
  16  2:15  SCV  
  18  2:16  Refinery  
Show
View Real Time Build Order
Export as new Build Order

LilDicky Terran 

Build Orders:  

Get SALT Encoding   

  12  0:01  SCV  
  13  0:13  SCV  
  14  0:20  Supply Depot  
  14  0:26  SCV  
  15  0:35  Refinery  
  15  0:41  SCV  
  16  0:46  Barracks  
  16  0:53  SCV  
  17  1:05  SCV  
  18  1:17  SCV  
  19  1:30  SCV  
  20  1:37  Reaper  
  21  1:45  Orbital Command  
  21  1:47  Barracks  
  21  1:51  Barracks  
  21  1:52  Refinery  
  21  1:57  Supply Depot  
  21  2:11  SCV  
  21  2:12  Reaper  
  23  2:29  SCV  
  25  2:41  SCV  
Tags
 
Add a new tag
Caveats
  • Supply blocks, unpowered buildings, or Contaminate may cause inaccurate times.
  • Supply counts are checked every 10 seconds.